 Dungeon Crawl Stone Soup version 0.32-a0-705-g60f233581c (webtiles) character file.

Game seed: 5453221837983494708

2778 seren the Changeling (level 9, -1/61 HPs)
             Began as an Octopode Shapeshifter on Mar 14, 2024.
             Was an Initiate of Gozag.
             Slain by Psyche
             ... wielding a +1 dagger of distortion
              (5 damage)
             ... on level 8 of the Dungeon.
             The game lasted 00:19:43 (6962 turns).

seren the Changeling (Octopode Shapeshifter)        Turns: 6962, Time: 00:19:44

Health: -1/61      AC:  1    Str: 15    XL:     9   Next: 70%
Magic:  18/18      EV: 15    Int: 13    God:    Gozag
Gold:   103        SH:  0    Dex: 19    Spells: 8/8 levels left

rFire   . .          .
                       - Unarmed
rCold   . . .        (no shield)
rNeg    . . .        (helmet currently unavailable)
rPois   .            (no amulet)
rElec   .            q - ring of magical power
rCorr   .            v - +6 ring of dexterity
SInv    .            (no ring)
Will    .....        (no ring)
Stlth   +++          (no ring)
HPRegen 0.30/turn    (no ring)
MPRegen 0.16/turn    (no ring)
                     (no ring)

%: no passive effects
@: beast-form
A: beast (slay +4), almost no armour, amphibious, 8 rings, camouflage 1,
gelatinous body 1, (nimble swimmer 1), tentacles
a: Begin Untransformation, Renounce Religion, Potion Petition, Call Merchant,
Bribe Branch


You were on level 8 of the Dungeon.
You worshipped Gozag.
Gozag was aware of your devotion.
You were a hulking beast.
You visited 2 branches of the dungeon, and saw 9 of its levels.

You collected 495 gold pieces.
You spent 237 gold pieces at shops.
You paid 155 gold pieces to Gozag.

Inventory:

Missiles
 d - 5 curare-tipped darts
 h - 12 boomerangs
 n - 10 poisoned darts
 u - 4 datura-tipped darts (quivered)
Jewellery
 p - a ring of ice
 q - a ring of magical power (left tentacle)
 v - a +6 ring of dexterity (right tentacle)
Talismans
 b - a beast talisman (active)
 c - a flux talisman
 B - a blade talisman
Wands
 g - a wand of light (8)
 t - a wand of flame (32)
 w - a wand of charming (2)
 A - a wand of digging (4)
Scrolls
 j - a scroll of acquirement {unknown}
 l - 2 scrolls of fear
 o - 2 scrolls of teleportation {!r}
 s - a scroll of vulnerability
 x - 2 scrolls of enchant weapon
 y - 3 scrolls of identify
Potions
 a - 2 potions of lignification
 e - 4 potions of ambrosia
 f - 3 potions of enlightenment
 i - a potion of berserk rage {unknown}
 k - 3 potions of mutation {!q}
 m - a potion of invisibility {unknown}
 r - 7 potions of curing
 z - a potion of haste {unknown}


   Skills:
 + Level 5.4 Fighting
 + Level 5.7 Dodging
 - Level 2.0 Stealth
 + Level 6.1 Unarmed Combat
 + Level 5.0 Evocations
 * Level 7.5 Shapeshifting


You had 8 spell levels left.
You didn't know any spells.
Your spell library contained the following spells:

 Spells                   Type           Power      Damage    Failure   Level
 Call Imp                 Summ           0%         N/A       43%         2
 Sublimation of Blood     Necr           0%         N/A       43%         2
 Summon Hydra             Summ           0%         N/A       100%        7


Dungeon Overview and Level Annotations

Branches:
Dungeon (8/15)             Temple (1/1) D:7
   Lair: D:8-11

Altars:
Ashenzari
Cheibriados
Elyvilon
Gozag
Hepliaklqana
Kikubaaqudgha
Makhleb
Okawaru
Ru
Sif Muna
Trog
Uskayaw
Vehumet
Wu Jian
Xom
Yredelemnul
Zin
The Shining One

Shops:
D:2 *   D:5 ?[*!   D:6 *

Annotations:
D:5 exclusion: 3 doors
D:6 exclusion: ogre
D:7 2 transporters, Leefty's ghost, novice FoHu
D:8 Pikel; Psyche


Innate Abilities, Weirdness & Mutations

You are a hulking beast.
Your limbs bulge with bestial killing power. (Slay +4)
You cannot wear most types of armour.
You are amphibious.
You can wear up to eight rings at the same time.
Your skin changes colour to match your surroundings (Stealth+).
Your rubbery body absorbs attacks. (AC +1, EV +1)
((You are camouflaged when in or above water. (Stealth+)))
You have tentacles for arms and can constrict up to eight enemies at once.


Message History

Press: ? - help, Shift-Dir - straight line, f - lemure
Aim: a lemure (chance to affect: 62%)
The lemure is charmed.
Psyche screams, "Red!
No, blue!"
Psyche casts a spell.
A swirling arc of seething chaos appears!
The arc of chaos hits your lemure. The acid corrodes your lemure!
Your lemure hits Psyche.
Psyche gestures wildly while chanting.
Psyche flickers and vanishes!
Deactivating autopickup; reactivate with Ctrl-A.
Your lemure closely misses something.
Aiming: Charm
Press: ? - help, Shift-Dir - straight line, f - lemure, p - lemure
Aim: a lemure (chance to affect: 62%) Nothing appears to happen.
Something hits you.
You blink.
You miss something. You tentacle-slap something! Something barely misses you.
The lemure misses your lemure.
Pikel says, "I'm sure they'll be treated well, anyway."
You tentacle-slap something. Something hits you but does no damage.
Space warps horribly around you!!
* * * LOW HITPOINT WARNING * * *
The lemure hits your lemure!
Your lemure hits the lemure. Something hits you!
* * * LOW HITPOINT WARNING * * *
Space warps horribly around you!!
* * * LOW HITPOINT WARNING * * *
The lemure closely misses your lemure.
Your lemure closely misses the lemure.
Something hits you.
* * * LOW HITPOINT WARNING * * *
You hear some strange, mumbled words.
A swirling arc of seething chaos appears!
An arc of chaos appears from out of thin air!
The arc of chaos hits the lemure!
The lemure writhes in agony!
The arc of chaos hits Pikel.
Pikel is poisoned.
The lemure hits your lemure.
Your lemure hits the lemure.
There is a stone staircase leading up here.
The lemure misses you.
Your lemure hits the lemure. Something hits you.
You die...
Your body crumbles into a pile of gold.

#......##.........###
#...............####
##......#....[.......
##.....#..............
#......##.............
#........55.....#..
##........K........
#..####..#5........
#.## #....h#....... ##
#................
#.##.#...........5
#.##...........# ...
#...........# ...
...........#. ..
............#
..............


You could see Pikel (poisoned), 2 lemures and a friendly lemure (charmed,
corroded).

Vanquished Creatures
  A kobold demonologist (D:8)
  Grum (D:5)
  3 water moccasins
  2 ice beasts
  2 orc warriors
  A black bear (D:5)
  A centaur (D:7)
  A wolf (D:5)
  A phantom (D:6)
  A lemure (D:7)
  A bullfrog (D:6)
  A gnoll sergeant (D:5)
  A scorpion (D:5)
  2 howler monkeys (D:8)
  2 orc priests
  14 hounds
  A jelly (D:5)
  A gnoll bouda (D:5)
  2 iguanas
  5 sleepcaps
  2 orc wizards (D:7)
  19 gnolls
  5 adders
  A shadow imp (D:5)
  4 ribbon worms
  A dart slug (D:4)
  10 orcs
  5 ball pythons
  2 endoplasms (D:2)
  2 giant cockroaches
  5 goblins
  5 hobgoblins
  6 jackals
  A quokka (D:3)
  6 bats
  3 frilled lizards
  8 kobolds
  3 rats
132 creatures vanquished.

Vanquished Creatures (collateral kills)
  A gnoll bouda (D:7)
1 creature vanquished.

Grand Total: 133 creatures vanquished

Notes
Turn   | Place    | Note
-------+----------+-------------------------------------------
     0 | D:1      | seren the Octopode Shapeshifter began the quest for the
                  | Orb.
     0 | D:1      | Reached XP level 1. HP: 13/13 MP: 1/1
    52 | D:1      | Reached XP level 2. HP: 10/18 MP: 2/2
   641 | D:2      | Reached XP level 3. HP: 10/24 MP: 3/3
   868 | D:2      | Found a faded altar of an unknown god.
  1101 | D:2      | Found Jaegouv's Assorted Antiques.
  1674 | D:3      | Reached XP level 4. HP: 20/29 MP: 4/4
  1773 | D:3      | Found a shimmering altar of Xom.
  1829 | D:3      | Reached skill level 1 in Stealth
  2139 | D:4      | Reached XP level 5. HP: 29/34 MP: 5/5
  2489 | D:4      | Found a faded altar of an unknown god.
  2574 | D:4      | Found a hazy altar of Hepliaklqana.
  2640 | D:4      | Reached skill level 4 in Shapeshifting
  2658 | D:5      | Entered Level 5 of the Dungeon
  2699 | D:5      | Found an ornate altar of the Wu Jian Council.
  2746 | D:5      | Found Zamy's Armour Shop.
  2797 | D:5      | Found a shimmering blue altar of Sif Muna.
  2829 | D:5      | Noticed a black bear
  2909 | D:5      | Reached skill level 1 in Evocations
  2909 | D:5      | Reached XP level 6. HP: 37/41 MP: 6/6
  2964 | D:5      | Found Ynkot's Distillery.
  3062 | D:5      | Bought a potion of curing for 33 gold pieces
  3062 | D:5      | Bought a potion of enlightenment for 55 gold pieces
  3069 | D:5      | Noticed a water moccasin
  3167 | D:5      | Killed a black bear
  3168 | D:5      | Reached XP level 7. HP: 34/46 MP: 7/7
  3308 | D:5      | Reached skill level 5 in Shapeshifting
  3364 | D:5      | Found Ilocufoa's Magic Scroll Boutique.
  3367 | D:5      | Bought a scroll of identify for 28 gold pieces
  3445 | D:5      | Reached XP level 8. HP: 27/53 MP: 8/8
  3699 | D:5      | Found Corulid's Assorted Antiques.
  4032 | D:5      | Reached skill level 5 in Unarmed Combat
  4046 | D:5      | Reached skill level 6 in Shapeshifting
  4358 | D:5      | Noticed Grum
  4363 | D:5      | Killed Grum
  4807 | D:6      | Found Ketois's General Store.
  4815 | D:6      | Bought a scroll of teleportation for 33 gold pieces
  4815 | D:6      | Bought a scroll of fear for 44 gold pieces
  4815 | D:6      | Bought 2 scrolls of identify for 44 gold pieces
  4830 | D:6      | Reached skill level 5 in Dodging
  4830 | D:6      | Reached XP level 9. HP: 59/59 MP: 9/9
  5719 | D:7      | Found a staircase to the Ecumenical Temple.
  5860 | D:7      | Reached skill level 5 in Fighting
  5860 | D:7      | Reached skill level 7 in Shapeshifting
  5996 | Temple   | Entered the Ecumenical Temple
  6009 | Temple   | Became a worshipper of Gozag Ym Sagoz the Greedy
  6229 | D:7      | Found a transporter.
  6230 | D:7      | Noticed Leefty's ghost (novice FoHu)
  6235 | D:7      | Found a transporter.
  6299 | D:7      | Identified the +7 trident "Killer Klown's Curse" {elec,
                  | rElec Dex+5}
  6299 | D:7      | Identified the +0 scale mail of the Original Sin {rPois rF-
                  | Str+4}
  6510 | D:8      | Noticed a kobold demonologist
  6560 | D:8      | Killed a kobold demonologist
  6653 | D:8      | Reached skill level 5 in Evocations
  6800 | D:8      | Noticed Pikel
  6827 | D:7      | Identified the ring of Xebadis {rElec Will- Int+6 Dex+5}
  6865 | D:8      | Noticed Psyche
  6959 | D:8      | HP: 3/61 [something (5)]
  6962 | D:8      | Slain by Psyche

Illustrated notes

Levels and vault maps discovered:
D:1:      shiori_arrival_elements, layout_basic
D:2:      layout_basic, hellmonk_ecumenical_altar_slurped_away, serial_shops,
          nicolae_shop_back_alley_shop
D:3:      layout_basic, xom_teletrap_fun
D:4:      layout_cave_pools, worldfamousw_hep_ancestral_shrine,
          serial_column_ruins, column_ruins_temple_circle,
          column_ruins_square_small, column_ruins_corridor_dead_end,
          column_ruins_open_tiny, column_ruins_corridor_straight,
          column_ruins_open_tiny, column_ruins_open_tiny
D:5:      layout_cave_pools, nicolae_overflow_hidden_temple,
          nicolae_sif_muna_condensation, serial_shops,
          nicolae_shop_hallway_stairs, nicolae_shop_rolled_up,
          nicolae_shop_industrial_runoff, serial_gnoll_camp, grums_kennel,
          gnoll_camp_mini_shop, gnoll_camp_mini_doghouse,
          gnoll_camp_mini_loothouse, gnoll_camp_medium_02,
          dreamdust_princess_bridge, grunt_ministairs_7
D:6:      layout_basic, serial_shops, shop
D:7:      layout_basic, temple_statues, gammafunk_ghost_gnarly_gnolls
D:8:      layout_layer_cave, uniq_psyche, uniq_grum, uniq_pikel
Temple:   nicolae_temple_great_sept

Skill      XL: |  1  2  3  4  5  6  7  8  9 |
---------------+----------------------------+-----
Fighting       | 2 3 4 5 |  5.4
Stealth        | 1 2 |  2.0
Dodging        | 3 4 5 |  5.7
Shapeshifting  | 4 5 6 7 |  7.5
Evocations     | 1 2 4 5 |  5.0
Unarmed Combat | 4 5 6 |  6.1

Action                     |  1- 3 |  4- 6 |  7- 9 || total
---------------------------+-------+-------+-------++-------
  Melee: Unarmed           |    66 |    71 |   169 ||   306
         Constrict         |    24 |    23 |    52 ||    99
         Tentacles         |    12 |    19 |    47 ||    78
         Punch             |       |     3 |     6 ||     9
  Throw: Dart              |       |       |     2 ||     2
         Boomerang         |       |       |     1 ||     1
  Evoke: Wand              |       |       |     3 ||     3
    Use: Scroll            |       |     1 |     6 ||     7
         Potion            |       |       |     1 ||     1
   Stab: Sleeping          |    10 |     3 |     3 ||    16
 Armour: Skin              |    23 |    33 |   102 ||   158
  Dodge: Dodged            |    29 |    36 |   147 ||   212

Table legend: (Time is in decaauts)
 A = Elapsed time spent in this place.
 B = Non-inter-level travel time spent in this place.
 C = Inter-level travel time spent in this place.
 D = Time resting spent in this place.
 E = Time spent auto-exploring this place.
 F = Levels seen in this place.
 G = Mean time per level.
                   A        B        C        D        E       F      G
               +--------+--------+--------+--------+--------+-----+--------+
         Total |   6939 |   6454 |    485 |   1085 |   3341 |   9 |  771.0 |
       Dungeon |   6915 |   6430 |    485 |   1085 |   3341 |   8 |  864.4 |
        Temple |     24 |     24 |      0 |      0 |      0 |   1 |   24.0 |
               +--------+--------+--------+--------+--------+-----+--------+

Top non-repeatable levels by time:
     D:5: 1945 daAuts
     D:7: 1401 daAuts
     D:3: 826 daAuts
     D:2: 765 daAuts
     D:6: 680 daAuts
     D:4: 626 daAuts
     D:1: 526 daAuts
     D:8: 142 daAuts
  Temple: 24 daAuts
